Map: Jagannatha LE

Players

ViBE - Winner!

  • Race: Protoss Protoss
  • League: Platinum

ReLU

  • Race: Zerg Zerg
  • League: Platinum

VOD

https://youtu.be/HWKZuoPJ7cU?t=21

Description

Time

  • Played on: April 6, 2021, 8:03 p.m.
  • Length: 11:43
Show
View Real Time Build Order
Export as new Build Order

ViBE Protoss - Winner!

Build Orders: 1 Gate Expand, Archon Immortal 

Get SALT Encoding   

  12  0:00  Probe  
  13  0:12  Probe  
  14  0:22  Pylon  
  14  0:25  Probe  
  15  0:40  Probe (Chrono Boost)  
  15  0:41  Gateway  
  16  0:52  Probe (Chrono Boost), Assimilator  
  17  1:00  Probe (Chrono Boost)  
  18  1:06  Probe  
  19  1:18  Probe  
  20  1:26  Nexus  
  20  1:31  Probe  
  21  1:49  Probe  
  21  1:53  Cybernetics Core  
  22  2:00  Assimilator  
  23  2:01  Probe  
  23  2:24  Pylon  
  23  2:26  Pylon  
  23  2:30  Warp Gate  
  23  2:35  Stalker (Chrono Boost)  
  23  2:38  Probe (Chrono Boost)  
  23  2:41  Probe (Chrono Boost)  
  27  2:49  Probe (Chrono Boost)  
  29  2:51  Probe (Chrono Boost)  
  29  2:53  Robotics Facility  
  29  2:54  Probe (Chrono Boost)  
  29  2:58  Sentry  
  32  2:59  Gateway  
  32  3:06  Probe  
  32  3:08  Probe  
  34  3:18  Probe  
  35  3:20  Probe  
  35  3:22  Pylon  
  36  3:28  Stalker  
  36  3:32  Probe (Chrono Boost)  
  40  3:35  Probe (Chrono Boost)  
  40  3:45  Probe (Chrono Boost)  
  40  3:47  Probe (Chrono Boost)  
  42  3:52  Immortal  
  42  3:55  Probe  
  47  3:58  Probe  
  48  4:07  Probe  
  49  4:12  Nexus  
  49  4:16  Pylon  
  49  4:18  Probe  
  49  4:19  Pylon, Probe  
  49  4:20  Stalker x2  
  55  4:30  Probe  
  55  4:31  Probe  
  57  4:32  Observer, Assimilator  
  57  4:35  Assimilator  
  57  4:37  Pylon  
  58  4:42  Probe (Chrono Boost)  
  58  4:43  Probe (Chrono Boost)  
  60  4:47  Stalker x2  
  64  4:53  Immortal  
  68  5:01  Probe x2  
  70  5:13  Probe x2  
  72  5:16  Twilight Council  
  72  5:17  Forge  
  72  5:19  Forge  
  72  5:23  Pylon  
  72  5:25  Probe x2  
  72  5:26  Probe (Chrono Boost)  
  75  5:31  Stalker  
  75  5:32  Stalker  
  79  5:37  Probe (Chrono Boost)  
  79  5:38  Probe x2 (Chrono Boost)  
  82  5:46  Probe (Chrono Boost), Gateway x2  
  82  5:47  Probe x2 (Chrono Boost)  
  85  5:51  Gateway  
  85  5:59  Protoss Ground Weapons Level 1, Protoss Ground Armor Level 1  
  85  6:02  Immortal  
  89  6:04  Probe x3  
  89  6:07  Charge (Chrono Boost)  
  92  6:13  Templar Archives  
  92  6:15  Zealot  
  92  6:17  Zealot  
  96  6:19  Probe x2  
  96  6:20  Probe  
  96  6:24  Assimilator  
  99  6:26  Assimilator  
  99  6:37  Probe x3  
  102  6:42  Zealot x3  
  102  6:47  Pylon  
  108  6:52  Pylon, Nexus  
  108  6:54  Pylon  
  108  6:56  Pylon  
  108  6:58  Pylon  
  108  7:05  Probe x3  
  111  7:11  High Templar x4  
  111  7:12  Zealot  
  111  7:13  Immortal  
  125  7:16  Archon x2  
  125  7:23  Probe x3  
  125  7:29  Gateway  
  128  7:30  Gateway  
  128  7:32  Gateway  
  128  7:35  Probe x3  
  131  7:37  Pylon, Gateway  
  131  7:40  Pylon  
  131  7:45  Pylon  
  131  7:46  High Templar x2  
  131  7:47  High Templar x2  
  131  7:48  Zealot  
  131  7:49  Pylon  
  141  7:53  Archon x2  
  141  7:55  Immortal  
  141  7:57  Probe x3  
  148  8:03  Protoss Ground Armor Level 2 (Chrono Boost), Protoss Ground Weapons Level 2 (Chrono Boost), Assimilator  
  148  8:04  Probe  
  148  8:05  Assimilator  
  149  8:09  Probe x3  
  152  8:16  Zealot, Probe  
  152  8:19  Zealot x2  
  159  8:20  Zealot  
  159  8:21  Probe  
  159  8:22  High Templar  
  159  8:24  High Templar  
  166  8:28  Archon  
  166  8:37  Nexus  
  166  8:39  Pylon  
  166  8:42  Pylon  
  166  8:47  Zealot x7  
  180  8:53  Immortal  
  184  9:06  High Templar  
  184  9:07  High Templar x3  
  184  9:08  High Templar  
  184  9:09  Zealot x2  
  198  9:12  High Templar  
  198  9:13  Archon  
  198  9:14  Archon  
  198  9:16  Archon  
  200  9:38  Robotics Facility  
  200  9:41  Gateway  
  200  9:43  Gateway  
  200  9:46  Gateway  
  200  9:48  Gateway  
  200  9:50  Gateway  
  200  9:53  Gateway  
  200  9:55  Gateway  
  200  9:58  Gateway  
  188  10:02  Gateway  
  188  10:04  Gateway  
  150  10:07  Gateway  
  150  10:09  Immortal (Chrono Boost)  
  150  10:11  Zealot x9  
  144  10:29  Immortal (Chrono Boost)  
  144  10:33  Immortal (Chrono Boost)  
  146  10:40  Zealot x4  
  146  10:41  Zealot x8  
  174  10:43  Zealot  
  176  10:54  Zealot x4  
  184  10:57  Zealot  
  178  11:09  Zealot x8  
  178  11:10  Zealot x3  
  184  11:33  High Templar x3  
  184  11:34  High Templar x6  
  184  11:38  High Templar  
Show
View Real Time Build Order
Export as new Build Order

ReLU Zerg 

Build Orders: Hatch First, Roach Hydra 

Get SALT Encoding   

  12  0:00  Drone  
  13  0:12  Overlord  
  13  0:16  Drone  
  14  0:31  Drone x2  
  16  0:52  Hatchery  
  16  0:53  Drone  
  16  0:59  Drone  
  17  1:13  Spawning Pool  
  17  1:15  Drone  
  17  1:18  Drone  
  18  1:22  Drone  
  19  1:28  Drone  
  19  1:31  Extractor  
  19  1:41  Drone  
  20  1:49  Overlord  
  20  2:00  Queen  
  22  2:03  Queen  
  22  2:06  Zergling x2  
  22  2:07  Zergling x2  
  26  2:12  Drone  
  27  2:18  Drone  
  28  2:23  Drone  
  28  2:25  Drone  
  30  2:33  Drone  
  30  2:36  Drone  
  32  2:38  Lair  
  32  2:41  Queen  
  34  2:45  Overlord  
  34  2:49  Drone  
  35  2:55  Drone  
  36  3:06  Drone x2  
  36  3:07  Roach Warren  
  36  3:09  Evolution Chamber  
  36  3:14  Drone x3  
  36  3:18  Overlord  
  39  3:22  Drone  
  39  3:23  Drone  
  39  3:26  Drone  
  42  3:28  Drone  
  42  3:30  Drone  
  44  3:38  Drone  
  44  3:39  Drone  
  44  3:40  Drone  
  44  3:41  Drone x2  
  49  3:47  Drone  
  49  3:48  Extractor, Drone x2  
  51  3:49  Extractor  
  51  3:50  Drone  
  51  4:00  Drone  
  51  4:02  Overlord  
  52  4:04  Zerg Missile Weapons Level 1, Glial Reconstitution  
  52  4:12  Overlord  
  52  4:14  Overlord  
  52  4:22  Roach  
  52  4:23  Roach x3  
  60  4:32  Roach  
  60  4:35  Roach, Hatchery  
  60  4:37  Roach  
  65  4:39  Roach  
  67  4:52  Overseer  
  67  5:02  Overlord  
  67  5:03  Drone x7  
  74  5:24  Hydralisk Den, Drone x2  
  74  5:25  Evolution Chamber  
  74  5:26  Drone x5  
  79  5:33  Drone x4  
  83  5:44  Drone  
  83  5:45  Overlord  
  83  5:46  Overlord  
  84  5:52  Extractor, Queen  
  84  5:53  Extractor  
  84  6:00  Overlord x2  
  84  6:05  Drone  
  84  6:06  Drone  
  86  6:11  Zerg Ground Armor Level 1  
  86  6:13  Muscular Augments, Zerg Missile Weapons Level 2  
  86  6:15  Overlord  
  86  6:17  Drone x3  
  86  6:18  Overlord  
  89  6:24  Overlord  
  89  6:26  Drone x2  
  89  6:32  Hatchery  
  90  6:41  Hydralisk  
  90  6:42  Hydralisk x7  
  106  6:49  Extractor  
  106  6:50  Drone  
  106  6:51  Drone  
  107  7:07  Hydralisk  
  107  7:08  Hydralisk x2  
  111  7:11  Hydralisk  
  111  7:12  Hydralisk x5  
  125  7:18  Drone x10  
  135  7:24  Grooved Spines, Drone  
  136  7:48  Overlord x2  
  136  7:49  Drone x6  
  136  7:50  Drone x2  
  136  7:51  Overlord x2  
  144  7:58  Spore Crawler  
  144  8:00  Drone, Spine Crawler  
  144  8:02  Drone, Spine Crawler, Spore Crawler  
  144  8:03  Drone  
  144  8:04  Spore Crawler  
  144  8:05  Drone x2, Spine Crawler  
  144  8:06  Spore Crawler  
  144  8:07  Drone  
  144  8:08  Drone, Spine Crawler  
  144  8:12  Extractor, Drone x2  
  145  8:13  Extractor  
  145  8:17  Overlord  
  145  8:18  Overlord  
  143  8:22  Drone  
  143  8:23  Infestation Pit  
  143  8:27  Hydralisk  
  143  8:28  Hydralisk x8  
  161  8:49  Overseer x3  
  161  8:50  Hydralisk  
  161  8:51  Hydralisk x10  
  161  8:55  Zerg Ground Armor Level 2  
  183  8:59  Roach x2  
  183  9:01  Overlord  
  183  9:02  Overlord  
  187  9:20  Hatchery  
  187  9:21  Roach  
  187  9:22  Roach x6  
  200  9:42  Overlord x2  
  200  9:52  Overlord x3  
  200  9:58  Hydralisk  
  200  9:59  Hydralisk  
  200  10:00  Roach  
  200  10:01  Roach x2  
  200  10:02  Zergling x22  
  173  10:09  Roach  
  173  10:13  Hydralisk x2  
  141  10:15  Roach  
  141  10:17  Roach  
  127  10:22  Hydralisk  
  127  10:23  Hydralisk  
  127  10:27  Roach x2  
  126  10:28  Hydralisk  
  126  10:33  Hydralisk x2  
  114  10:36  Roach, Queen  
  114  10:38  Hydralisk  
  114  10:39  Hydralisk x7  
  114  10:42  Roach x2  
  123  10:48  Overseer  
  113  10:52  Roach x4  
  113  10:53  Hydralisk  
  123  11:00  Roach x2  
  121  11:12  Drone x2  
  121  11:13  Drone x4  
  121  11:14  Hydralisk  
  121  11:15  Hydralisk x5  
  139  11:19  Spine Crawler  
Tags
 
Add a new tag
Caveats
  • Supply blocks, unpowered buildings, or Contaminate may cause inaccurate times.
  • Supply counts are checked every 10 seconds.